 Dungeon Crawl Stone Soup version 0.31-a0-1291-g5386780bc2 (webtiles) character file.

Game seed: 5105518221757588616

91 Descartes the Digger (level 4, 0/30 HPs)
             Began as a Formicid Earth Elementalist on Dec 18, 2023.
             Shot with an arrow by a centaur (11 damage)
             ... on level 3 of the Dungeon.
             The game lasted 00:05:11 (3028 turns).

Descartes the Digger (Formicid Earth Elementalist)  Turns: 3028, Time: 00:05:13

Health: 0/30       AC:  7    Str: 14    XL:     4   Next: 88%
Magic:  4/7        EV: 11    Int: 15    God:
Gold:   118        SH:  0    Dex: 14    Spells: 3/7 levels left

rFire   . . .        h - +0 club
rCold   . . .        (no shield)
rNeg    . . .        d - +1 ring mail
rPois   .            (helmet unavailable)
rElec   .            (no cloak)
rCorr   .            (no gloves)
SInv    +            s - +0 pair of boots
Will    .....        (no amulet)
Stlth   +            (no ring)
HPRegen 0.25/turn    (no ring)
MPRegen 0.10/turn

%: no passive effects
@: no status effects
A: permanent stasis, dig shafts and tunnels, antennae 3, four strong arms
a: Dig, Shaft Self


You were on level 3 of the Dungeon.
You visited 1 branch of the dungeon, and saw 3 of its levels.

You collected 118 gold pieces.

Inventory:

Hand Weapons
 h - a +0 club (weapon)
Missiles
 k - 2 datura-tipped darts
Armour
 d - a +1 ring mail (worn)
 r - a +0 chain mail
 s - a +0 pair of boots (worn)
Wands
 i - a wand of paralysis (8)
Scrolls
 a - a scroll of fog {unknown}
 f - 3 scrolls of identify {unknown}
 g - a scroll of enchant armour
 j - 2 scrolls of amnesia
 l - a scroll of summoning {unknown}
 o - 2 scrolls of revelation {unknown}
 q - a scroll of enchant weapon {unknown}
 u - a scroll of brand weapon {unknown}
Potions
 b - a potion of magic
 c - 3 potions of curing {unknown}
 e - 3 potions of heal wounds {unknown}
 m - a potion of brilliance {unknown}
 n - a potion of haste {unknown}
 p - a potion of lignification {unknown}
 t - a potion of attraction {unknown}


   Skills:
 - Level 1.7 Dodging
 - Level 2.4 Stealth
 - Level 2.1 Spellcasting
 - Level 1.1 Transmutations
 + Level 6.3 Earth Magic


You had 3 spell levels left.
You knew the following spells:

 Your Spells              Type           Power      Damage    Failure   Level
a - Sandblast             Erth           40%        2d10      3%          1
b - Stone Arrow           Conj/Erth      22%        3d8       36%         3

Your spell library contained the following spells:

 Spells                   Type           Power      Damage    Failure   Level
 Passwall                 Tmut/Erth      10%        N/A       14%         2
 Apportation              Tloc           2%         N/A       41%         1
 Shock                    Conj/Air       4%         1d3       41%         1
 Cigotuvi's Dreadful Rot  Necr/Pois/Air  2%         N/A       56%         2
 Jinxbite                 Hex            2%         N/A       56%         2
 Sublimation of Blood     Necr           1%         N/A       56%         2
 Dazzling Flash           Conj/Hex       2%         N/A       80%         3
 Petrify                  Tmut/Erth      12%        N/A       67%         4
 Brom's Barrelling Bould  Conj/Erth      11%        2d3       77%         4
 Airstrike                Air            0%         2d(1-17)  99%         4
 Dispel Undead            Necr           1%         3d6       99%         4
 Alistair's Intoxication  Tmut/Pois      2%         N/A       100%        5
 Death Channel            Necr           0%         N/A       100%        6
 Starburst                Conj/Fire      0%         6d3       100%        6
 Infestation              Necr           0%         N/A       100%        8
 Swiftness                Air            Unusable   N/A       N/A         3

Dungeon Overview and Level Annotations

Branches:
Dungeon (3/15)

Altars:
Cheibriados
Fedhas


Innate Abilities, Weirdness & Mutations

You cannot be hasted, slowed, berserked, paralysed or teleported.
You can dig through walls and to a lower floor.
You have a pair of large antennae on your head. (SInv)
Your four strong arms can wield two-handed weapons with a shield.


Message History

Casting: Sandblast (safe; 3% risk of failure)
Confirm with . or Enter, or press ? or * to list all spells.
Aiming: Sandblast (safe; 3% risk of failure)
Press: ? - help, Shift-Dir - straight line, f - hobgoblin
Aim: a hobgoblin (83% to hit)
The blast of sand hits the hobgoblin!
You kill the hobgoblin!
Unknown command.
You now have 118 gold pieces (gained 4).
You see here a +0 short sword.
You see here a +0 club.
You sense a monster nearby.
A centaur comes into view.
The centaur shouts!
Casting: Sandblast (safe; 3% risk of failure)
Confirm with . or Enter, or press ? or * to list all spells.
Aiming: Sandblast (safe; 3% risk of failure)
Press: ? - help, Shift-Dir - straight line, f - centaur
Aim: a centaur (90% to hit)
The blast of sand hits the centaur.
The centaur is lightly wounded.
The centaur wields a +0 shortbow.
The centaur shoots an arrow.
The arrow hits you!
The centaur shoots an arrow.
The arrow hits you!
Casting: Sandblast (safe; 3% risk of failure)
Confirm with . or Enter, or press ? or * to list all spells.
Aiming: Sandblast (safe; 3% risk of failure)
Press: ? - help, Shift-Dir - straight line, f/p - centaur
Aim: a centaur, wielding a +0 shortbow (lightly wounded, 90% to hit)
The blast of sand hits the centaur but does no damage.
The centaur is lightly wounded.
The centaur shoots an arrow.
The arrow hits you.
Casting: Sandblast (safe; 3% risk of failure)
Confirm with . or Enter, or press ? or * to list all spells.
Aiming: Sandblast (safe; 3% risk of failure)
Press: ? - help, Shift-Dir - straight line, f/p - centaur
Aim: a centaur, wielding a +0 shortbow (lightly wounded, 90% to hit)
The blast of sand hits the centaur!
The centaur is severely wounded.
The centaur shoots an arrow.
The arrow hits you!
You die...

## ### .# #.######
.########.#.....
...$............ c..
......#.####
#################.########.#.#
................@............#
#################)########.#.#
#.# #.#.# #.# #.#.#### #.#
#.###..) #.# #...'... ###'####
#.###...
###############......#####.#
#...
..............'......'....>#
#...


You could see a centaur.

Vanquished Creatures
  2 adders
  3 dart slugs
  5 endoplasms
  5 goblins
  11 hobgoblins
  7 kobolds
  4 quokkas
  11 ball pythons
  7 bats
  4 frilled lizards
  2 rats
61 creatures vanquished.

Notes
Turn   | Place    | Note
-------+----------+-------------------------------------------
     0 | D:1      | Descartes the Formicid Earth Elementalist began the quest
                  | for the Orb.
     0 | D:1      | Reached XP level 1. HP: 13/13 MP: 3/3
    42 | D:1      | Got the Annotations on the Discharge and Spectres
    92 | D:1      | Reached skill level 4 in Earth Magic
   131 | D:1      | Reached XP level 2. HP: 19/19 MP: 3/5
   528 | D:1      | Reached XP level 3. HP: 24/24 MP: 2/6
   685 | D:1      | Reached skill level 5 in Earth Magic
  1372 | D:2      | Reached XP level 4. HP: 30/30 MP: 4/7
  1770 | D:2      | Found a blossoming altar of Fedhas.
  2005 | D:3      | Found a snail-covered altar of Cheibriados.
  2158 | D:3      | Reached skill level 6 in Earth Magic
  2516 | D:3      | Learned a level 3 spell: Stone Arrow
  3025 | D:3      | Noticed a centaur
  3028 | D:3      | Shot with an arrow by a centaur

Illustrated notes

Levels and vault maps discovered:
D:1:      mrwooster_arrival_arrow, layout_basic
D:2:      minmay_alternating_diamond, layout_loops_ring, basic_altar
D:3:      layout_basic, kennysheep_slug_shrine

Skill      XL: |  1  2  3  4 |
---------------+-------------+-----
Earth Magic    | 4 5 6 |  6.3
Dodging        | |  1.7
Stealth        | |  2.4
Spellcasting   | |  2.1
Transmutations | |  1.1

Action                     |  1- 3 |  4- 6 || total
---------------------------+-------+-------++-------
  Melee: Unarmed           |     4 |       ||     4
   Cast: Sandblast         |    50 |    46 ||    96
    Use: Scroll            |       |     3 ||     3
 Armour: Ring mail         |     9 |    16 ||    25
  Dodge: Dodged            |    14 |    14 ||    28

Table legend: (Time is in decaauts)
 A = Elapsed time spent in this place.
 B = Non-inter-level travel time spent in this place.
 C = Inter-level travel time spent in this place.
 D = Time resting spent in this place.
 E = Time spent auto-exploring this place.
 F = Levels seen in this place.
 G = Mean time per level.
                   A        B        C        D        E       F      G
               +--------+--------+--------+--------+--------+-----+--------+
         Total |   3075 |   2991 |     84 |      0 |   2563 |   3 | 1025.0 |
       Dungeon |   3075 |   2991 |     84 |      0 |   2563 |   3 | 1025.0 |
               +--------+--------+--------+--------+--------+-----+--------+

Top non-repeatable levels by time:
     D:3: 1045 daAuts
     D:2: 1042 daAuts
     D:1: 987 daAuts
